[Event "Titled Tuesday Blitz June 27 Late 2023"]
[White "Glavina, Pablo"]
[Black "Perske, Thore"]
[WhiteFideId "100234"]
[BlackFideId "12902195"]
[WhiteElo "2349"]
[BlackElo "2522"]
[Result "0-1"]
[Round "4"]
[TimeControl "180+2"]
[Date "2023.06.27"]
[WhiteClock "0:00:18"]
[BlackClock "0:00:16"]
[Board "126"]

1. c4 Nf6 2. Nc3 g6 3. e4 d6 4. d4 Bg7 5. Be2 O-O 6. Nf3 e5 7. O-O Nc6 8. d5 Ne7 9. Ne1 Nd7 10. Nd3 f5 11. Bd2 Nf6 12. f3 f4 13. Rc1 g5 14. c5 Ng6 15. Nb5 Rf7 16. Ba5 b6 17. cxd6 cxd6 18. Be1 a6 19. Nc3 a5 20. a4 h5 21. Nb5 Bf8 22. Bf2 g4 23. Rc6 Rb8 24. Qc2 Bd7 25. Rc4 Rg7 26. Nc7 g3 27. hxg3 fxg3 28. Bxg3 h4 29. Bh2 Nh5 30. f4 Nhxf4 31. Nxf4 exf4 32. Bxf4 Nxf4 33. Rxf4 Qg5 34. Rf2 h3 35. Bf3 Rc8 36. Ne6 Rxc4 37. Qxc4 Qe3 38. Nxg7 h2+ 39. Kxh2 Qxf2 40. Nf5 Qxb2 41. Qd4 Qxd4 42. Nxd4 Bxa4 43. Be2 Bg7 44. Bb5 Be5+ 45. Kh3 Bd1 46. Nc6 a4 47. Nxe5 dxe5 48. d6 Kf7 49. Kh4 Bb3 50. Bxa4 Bxa4 51. Kg5 Bd7 0-1


[Site "https://www.chess.com"]

[Event "Titled Tuesday Blitz June 27 Late 2023"]
[White "Bilan, Danila"]
[Black "GAO"]
[WhiteFideId "24161918"]
[WhiteElo "2510"]
[BlackElo "2349"]
[Result "1-0"]
[Round "4"]
[TimeControl "180+2"]
[Date "2023.06.27"]
[WhiteClock "0:02:36"]
[BlackClock "0:00:00"]
[Board "127"]

1. d4 Nf6 2. Nf3 e6 3. g3 d5 4. Bg2 Be7 5. O-O O-O 6. c4 dxc4 7. Qc2 b5 8. a4 b4 9. Qxc4 Ba6 10. Qc2 Nbd7 11. Ne5 1-0


[Site "https://www.chess.com"]

[Event "Titled Tuesday Blitz June 27 Late 2023"]
[White "Tissir, Mohamed"]
[Black "Muhammed, Shuaau"]
[WhiteFideId "9000240"]
[BlackFideId "16700406"]
[WhiteElo "2510"]
[BlackElo "2346"]
[Result "1-0"]
[Round "4"]
[TimeControl "180+2"]
[Date "2023.06.27"]
[WhiteClock "0:00:38"]
[BlackClock "0:00:11"]
[Board "128"]

1. e4 e5 2. Nf3 Nc6 3. Bc4 Nf6 4. d3 Be7 5. O-O O-O 6. Re1 d6 7. c3 a6 8. Bb3 Be6 9. Nbd2 Bxb3 10. axb3 Nh5 11. Nf1 Nf4 12. Bxf4 exf4 13. d4 f5 14. exf5 Rxf5 15. Qd3 Rf7 16. d5 Nb8 17. Nd4 Nd7 18. Ne6 Nc5 19. Nxc5 dxc5 20. Nd2 Bd6 21. Nf3 g5 22. h3 h5 23. Qg6+ Rg7 24. Qxh5 Qf6 25. Re6 Qf5 26. c4 Rf8 27. Rae1 g4 28. hxg4 Qxg4 29. Qxg4 Rxg4 30. Re8 Kf7 31. Rxf8+ Kxf8 32. Re6 Kf7 33. Kf1 Rg8 34. Nh4 b5 35. Nf5 bxc4 36. bxc4 Rb8 37. Nxd6+ cxd6 38. Rxd6 Rxb2 39. Rxa6 Rb4 40. Ra7+ Kf6 41. d6 Rxc4 42. d7 Rd4 43. Rc7 Ke6 44. Rxc5 Rxd7 45. Ke2 Rd4 46. Kf3 Ra4 47. Rh5 Kf6 48. Kg4 Ke6 49. Rh8 Ra2 50. Kf3 Ra4 51. Rf8 Ke5 52. Kg4 Rb4 53. Rf5+ Ke6 54. Rxf4 Rb2 55. g3 Rb1 56. Ra4 Rf1 57. f4 Kf6 58. Ra6+ Kf7 59. Kf5 Rb1 60. Kg5 Rb5+ 61. f5 Rc5 62. g4 Ra5 63. Rxa5 1-0


[Site "https://www.chess.com"]

[Event "Titled Tuesday Blitz June 27 Late 2023"]
[White "Graif, William"]
[Black "The_Straightforward_Rook"]
[WhiteFideId "2609835"]
[WhiteElo "2507"]
[BlackElo "2345"]
[Result "1-0"]
[Round "4"]
[TimeControl "180+2"]
[Date "2023.06.27"]
[WhiteClock "0:00:15"]
[BlackClock "0:00:18"]
[Board "129"]

1. e4 e5 2. Nf3 Nc6 3. d4 exd4 4. c3 d5 5. Bd3 Nf6 6. e5 Ne4 7. O-O Bg4 8. Re1 Be7 9. Bxe4 dxe4 10. Rxe4 dxc3 11. Nxc3 Qxd1+ 12. Nxd1 O-O-O 13. Bf4 Bxf3 14. gxf3 Rd4 15. Nc3 Rhd8 16. Rae1 Nb4 17. Bg3 Nd3 18. Rxd4 Rxd4 19. Rd1 c5 20. Nb5 Nxb2 21. Rxd4 cxd4 22. Nxd4 Kd7 23. f4 a6 24. f5 Nc4 25. e6+ fxe6 26. fxe6+ Ke8 27. Kg2 Bf6 28. Nf5 g6 29. Nh6 Ke7 30. Ng8+ Kxe6 31. Nxf6 Kxf6 32. Kf3 b5 33. Ke4 a5 34. Kd5 b4 35. Kxc4 Kf5 36. Bc7 h5 37. Bxa5 g5 38. Bxb4 g4 39. a4 Kf4 40. a5 Kf3 41. a6 Kg2 42. Bd6 Kxf2 43. a7 h4 44. a8=Q g3 45. hxg3 hxg3 46. Bxg3+ Kxg3 47. Qe4 1-0


[Site "https://www.chess.com"]

[Event "Titled Tuesday Blitz June 27 Late 2023"]
[White "Jovic, Stanoje"]
[Black "Szente Varga, Fruzsina"]
[WhiteFideId "905020"]
[BlackFideId "712264"]
[WhiteElo "2506"]
[BlackElo "2343"]
[Result "1-0"]
[Round "4"]
[TimeControl "180+2"]
[Date "2023.06.27"]
[WhiteClock "0:00:16"]
[BlackClock "0:00:52"]
[Board "130"]

1. c4 e5 2. g3 f5 3. Bg2 Nf6 4. Nh3 g6 5. O-O Bg7 6. d3 O-O 7. e4 d6 8. exf5 gxf5 9. f4 c6 10. Nc3 Ng4 11. Rb1 Na6 12. b4 Nc7 13. Qc2 Be6 14. a4 d5 15. fxe5 dxc4 16. dxc4 Bxc4 17. Rd1 Qe7 18. Ne4 Bd5 19. Bg5 Qxe5 20. Nc5 Rf7 21. Bf4 Qe7 22. Re1 Qd8 23. Ng5 Re7 24. Qxf5 Nh6 25. Qxh7+ Kf8 26. Rxe7 Qxe7 27. Rf1 Ke8 28. Qg6+ Kd8 29. Bxc7+ Kxc7 30. Bxd5 Bd4+ 31. Kh1 Qe2 32. Qh7+ Kd6 33. Qd7+ Ke5 34. Qe6# 1-0


[Site "https://www.chess.com"]

[Event "Titled Tuesday Blitz June 27 Late 2023"]
[White "Shapiro, Daniel"]
[Black "Deng, Henry"]
[WhiteFideId "2001780"]
[BlackFideId "30965454"]
[WhiteElo "2328"]
[BlackElo "2505"]
[Result "1-0"]
[Round "4"]
[TimeControl "180+2"]
[Date "2023.06.27"]
[WhiteClock "0:00:41"]
[BlackClock "0:00:53"]
[Board "131"]

1. d4 Nf6 2. c4 d6 3. Nc3 e5 4. Nf3 Nbd7 5. e4 Be7 6. Be2 O-O 7. O-O c6 8. Rb1 Re8 9. Be3 a5 10. h3 Bf8 11. Qc2 b6 12. a3 exd4 13. Nxd4 Qc7 14. f4 a4 15. Bf3 Bb7 16. g4 Nc5 17. g5 Nfd7 18. Rbd1 Ba6 19. e5 Bxc4 20. Rf2 d5 21. h4 Nb3 22. Nf5 Nbc5 23. Nd4 b5 24. h5 g6 25. hxg6 hxg6 26. Rh2 Nb3 27. Qf2 Nxd4 28. Bxd4 Bg7 29. Qh4 Nf8 30. e6 Nxe6 31. Qh8+ Bxh8 32. Rxh8# 1-0


[Site "https://www.chess.com"]

[Event "Titled Tuesday Blitz June 27 Late 2023"]
[White "Toncheva, Nadya"]
[Black "Fajdetic, Hrvoje"]
[WhiteFideId "2924056"]
[BlackFideId "14501945"]
[WhiteElo "2503"]
[BlackElo "2320"]
[Result "0-1"]
[Round "4"]
[TimeControl "180+2"]
[Date "2023.06.27"]
[WhiteClock "0:00:20"]
[BlackClock "0:00:25"]
[Board "132"]

1. d4 e6 2. e4 d5 3. Nd2 dxe4 4. Nxe4 Nd7 5. Nf3 Ngf6 6. Bd3 Nxe4 7. Bxe4 Nf6 8. Bd3 c5 9. c3 cxd4 10. Nxd4 Bc5 11. Be3 Bd6 12. O-O a6 13. Re1 Qc7 14. h3 Bd7 15. a4 h6 16. a5 O-O 17. Qf3 Bc6 18. Nxc6 Qxc6 19. Qxc6 bxc6 20. Red1 Nd5 21. Bb6 Be5 22. Bf1 Rfb8 23. g3 Nxb6 24. axb6 Rxb6 25. Rd2 Rab8 26. Rxa6 Rxb2 27. Rxb2 Rxb2 28. Rxc6 g6 29. Bd3 Rd2 30. Be4 Rd1+ 31. Kg2 Rc1 32. c4 Bd4 33. Rc8+ Kg7 34. Rc7 Kf8 35. h4 Be5 36. f4 Bxc7 0-1


[Site "https://www.chess.com"]

[Event "Titled Tuesday Blitz June 27 Late 2023"]
[White "Mattheii"]
[Black "MAHanif"]
[WhiteElo "2501"]
[BlackElo "2319"]
[Result "0-1"]
[Round "4"]
[TimeControl "180+2"]
[Date "2023.06.27"]
[WhiteClock "0:01:26"]
[BlackClock "0:02:12"]
[Board "133"]

1. d4 Nf6 2. c4 e6 3. Nc3 Bb4 4. Qc2 O-O 5. e4 d5 6. e5 Ne4 7. Bd3 c5 8. Ne2 cxd4 9. Nxd4 Nxc3 10. bxc3 dxc4 11. Bxh7+ Kh8 12. O-O Bxc3 13. Qxc3 Kxh7 14. Qg3 Qxd4 15. Ba3 Rd8 16. Rad1 Qxd1 0-1


[Site "https://www.chess.com"]

[Event "Titled Tuesday Blitz June 27 Late 2023"]
[White "ArchibaldCerveza29"]
[Black "Gerbelli Neto, Eduardo"]
[BlackFideId "2103281"]
[WhiteElo "2500"]
[BlackElo "2317"]
[Result "1-0"]
[Round "4"]
[TimeControl "180+2"]
[Date "2023.06.27"]
[WhiteClock "0:01:30"]
[BlackClock "0:00:08"]
[Board "134"]

1. e4 e5 2. Nf3 Nc6 3. Bc4 Nf6 4. O-O Nxe4 5. Nc3 Nxc3 6. dxc3 d6 7. Ng5 Be6 8. Nxe6 fxe6 9. Bxe6 Qf6 10. Qg4 h5 11. Qh3 g5 12. Bd7+ Kd8 13. Bxc6 bxc6 14. Be3 g4 15. Qg3 Rg8 16. f4 h4 17. Qe1 e4 18. Bd4 Qf5 19. Qxh4+ Be7 20. Qf2 Kd7 21. Rad1 a5 22. g3 Rab8 23. b3 Rb5 24. c4 Rbb8 25. c5 d5 26. c4 Ke6 27. cxd5+ cxd5 28. Bc3 a4 29. b4 c6 30. a3 Rg6 31. Rfe1 Rh6 32. Rb1 Rh3 33. Be5 Bf6 34. Bxb8 1-0


[Site "https://www.chess.com"]

[Event "Titled Tuesday Blitz June 27 Late 2023"]
[White "Garmendiarov"]
[Black "Vovk, Orest"]
[BlackFideId "14113490"]
[WhiteElo "2315"]
[BlackElo "2498"]
[Result "0-1"]
[Round "4"]
[TimeControl "180+2"]
[Date "2023.06.27"]
[WhiteClock "0:00:03"]
[BlackClock "0:00:22"]
[Board "135"]

1. d4 h6 2. e4 g5 3. Nc3 Bg7 4. Bc4 c5 5. dxc5 Bxc3+ 6. bxc3 Qa5 7. Qd4 Nf6 8. Ne2 Nc6 9. Qe3 Ng4 10. Qg3 Nge5 11. Bb3 Qxc5 12. Be3 Qa5 13. O-O d6 14. f4 gxf4 15. Rxf4 Be6 16. Bxe6 fxe6 17. Qh3 O-O-O 18. Qxe6+ Kb8 19. Rb1 Qa4 20. Qb3 Qxb3 21. axb3 h5 22. Ra1 Ng4 23. Bd2 e5 24. Rf7 d5 25. exd5 Rxd5 26. Be1 Ne3 27. Bf2 Nxc2 28. Rc1 Rd2 29. Kf1 e4 30. Bc5 e3 31. Ng3 b6 32. Bb4 N6xb4 33. cxb4 Rhd8 34. Ne2 Rd1+ 35. Rxd1 Rxd1# 0-1


[Site "https://www.chess.com"]

[Event "Titled Tuesday Blitz June 27 Late 2023"]
[White "Perez Torres, Nabi Isaias"]
[Black "Mathieu, Phileas"]
[WhiteFideId "5120373"]
[BlackFideId "36048410"]
[WhiteElo "2314"]
[BlackElo "2498"]
[Result "1-0"]
[Round "4"]
[TimeControl "180+2"]
[Date "2023.06.27"]
[WhiteClock "0:00:04"]
[BlackClock "0:00:00"]
[Board "136"]

1. d4 Nf6 2. c4 g6 3. Nc3 Bg7 4. e4 d6 5. Be2 Na6 6. Nf3 O-O 7. O-O e5 8. d5 Nc5 9. Qc2 a5 10. Ne1 Ne8 11. Nd3 b6 12. Be3 f5 13. f3 f4 14. Bf2 g5 15. a3 a4 16. Bxc5 bxc5 17. Nxa4 Nf6 18. b4 cxb4 19. axb4 g4 20. c5 g3 21. h3 Ne8 22. Rfc1 Rf6 23. Bf1 Rh6 24. cxd6 cxd6 25. Qc6 Rb8 26. Qc2 Bd7 27. Nac5 dxc5 28. bxc5 Bxh3 29. gxh3 g2 30. Bxg2 Qh4 31. Qf2 Qh5 32. c6 Rc8 33. Nc5 Nd6 34. Ne6 Rg6 35. Kf1 Bf6 36. Ra7 Bh4 37. Qb2 Bg3 38. Rca1 Nxe4 39. c7 Nd6 40. Qb8 e4 41. Qxc8+ Nxc8 42. Ra8 exf3 43. Rxc8+ Kf7 44. Rf8+ Ke7 45. c8=Q fxg2+ 46. Kg1 Bf2+ 47. Kxf2 g1=Q+ 48. Rxg1 Qh4+ 49. Ke2 Qh5+ 50. Kd3 Qxd5+ 51. Kc2 Qe4+ 52. Kb3 Qd3+ 53. Kb4 Rxe6 54. Qc5+ Rd6 55. Rg7+ Ke6 56. Re8+ 1-0


[Site "https://www.chess.com"]

[Event "Titled Tuesday Blitz June 27 Late 2023"]
[White "Uzcategui Rodriguez, Alejandro"]
[Black "Spichkin, Alexander"]
[WhiteFideId "3903400"]
[BlackFideId "4144074"]
[WhiteElo "2497"]
[BlackElo "2310"]
[Result "0-1"]
[Round "4"]
[TimeControl "180+2"]
[Date "2023.06.27"]
[WhiteClock "0:00:05"]
[BlackClock "0:00:48"]
[Board "137"]

1. d4 e6 2. Nf3 f5 3. Nc3 Nf6 4. Bg5 Bb4 5. g3 O-O 6. Bg2 Qe8 7. O-O Bxc3 8. bxc3 Ne4 9. Qd3 b6 10. Bf4 Ba6 11. c4 d6 12. Nd2 Nxd2 13. Qxd2 Nd7 14. Bxa8 Qxa8 15. Qc3 Qc6 16. f3 Bxc4 17. Rfe1 Nf6 18. Qd2 Nd5 19. Be3 e5 20. dxe5 dxe5 21. f4 exf4 22. Bxf4 Ba6 23. c4 Nxf4 24. gxf4 Bb7 25. Qd5+ Qxd5 26. cxd5 Bxd5 27. Red1 c6 28. Kf2 Re8 29. e3 Re4 30. Rac1 Re8 31. Rd2 Re4 32. Rg1 Ra4 33. Rc1 Kf7 34. Rcc2 Ke6 35. Rb2 g6 36. Rd4 Ra3 37. Rdd2 c5 38. Rbc2 c4 39. Rd1 Be4 40. Rxc4 Rxa2+ 41. Kg3 Bd5 42. Rcd4 Ra5 43. Rc1 Rc5 44. Rxc5 bxc5 45. Ra4 c4 46. Rxa7 h5 47. Kf2 Kd6 48. Ke1 Ke6 49. Kd2 Kf6 50. h4 Bg2 51. Kc3 Bf1 52. Kd4 Bd3 53. Rc7 Ke6 54. Rc6+ Kf7 55. Ke5 Be2 56. Rc7+ Ke8 57. Kf6 Kd8 58. Rc5 Kd7 59. Kxg6 Kd6 60. Rc8 Kd5 61. Kxf5 Bg4+ 62. Kg5 Bxc8 63. f5 c3 64. f6 Be6 65. Kxh5 c2 66. Kg6 c1=Q 67. f7 Qg1+ 68. Kf6 Qf1+ 69. Ke7 Qxf7+ 70. Kd8 Qd7# 0-1


[Site "https://www.chess.com"]

[Event "Titled Tuesday Blitz June 27 Late 2023"]
[White "Ozen, Batuhan"]
[Black "Goncalves, Davi Sulzbacher"]
[WhiteFideId "6345123"]
[BlackFideId "2154510"]
[WhiteElo "2308"]
[BlackElo "2494"]
[Result "1-0"]
[Round "4"]
[TimeControl "180+2"]
[Date "2023.06.27"]
[WhiteClock "0:00:32"]
[BlackClock "0:01:06"]
[Board "138"]

1. d4 Nf6 2. Nf3 e6 3. b3 c5 4. Bb2 Be7 5. e3 O-O 6. Bd3 b6 7. Nbd2 Bb7 8. Qe2 d5 9. Ne5 Nc6 10. f4 Nxe5 11. fxe5 Ne4 12. O-O f5 13. exf6 Bxf6 14. Nxe4 dxe4 15. Bc4 cxd4 16. Bxe6+ Kh8 17. exd4 Bxd4+ 18. Bxd4 Qxd4+ 19. Kh1 Rf6 20. Bc4 Raf8 21. Rad1 Qe5 22. Rxf6 Qxf6 23. Rf1 Qxf1+ 24. Qxf1 Rxf1+ 25. Bxf1 Kg8 26. Kg1 Kf7 27. Kf2 Ke6 28. Ke3 Ke5 29. b4 h5 30. h4 g5 31. g3 Bd5 32. c4 Be6 33. hxg5 Bf7 34. a3 Kf5 35. c5 bxc5 36. bxc5 Be8 37. Bg2 Bc6 38. Bh1 Kxg5 39. Bxe4 Bd7 40. Bb7 Kg4 41. c6 Be6 42. c7 Kxg3 43. c8=Q Bxc8 44. Bxc8 h4 45. Kd4 h3 46. Bb7 Kf4 47. Kc5 Ke5 48. Bh1 a5 49. Kb5 Kd6 50. Kxa5 Kc7 51. Kb5 Kb8 52. a4 Ka7 53. a5 Kb8 54. a6 Ka7 55. Ka5 h2 56. Kb5 1-0


[Site "https://www.chess.com"]

[Event "Titled Tuesday Blitz June 27 Late 2023"]
[White "Zavortink, Matt"]
[Black "Zampronha, Wladimir Camilo"]
[WhiteFideId "2034263"]
[BlackFideId "2103087"]
[WhiteElo "2481"]
[BlackElo "2290"]
[Result "1-0"]
[Round "4"]
[TimeControl "180+2"]
[Date "2023.06.27"]
[WhiteClock "0:00:29"]
[BlackClock "0:00:53"]
[Board "140"]

1. Nf3 Nf6 2. g3 e6 3. Bg2 d5 4. O-O Be7 5. a4 O-O 6. d3 c5 7. e4 dxe4 8. dxe4 Qxd1 9. Rxd1 Nxe4 10. Ne5 Nf6 11. Nc3 Nbd7 12. Nxd7 Nxd7 13. Bxb7 Nb6 14. Bxa8 Nxa8 15. Bf4 Nb6 16. a5 Nc4 17. b3 Bf6 18. bxc4 Bxc3 19. Ra2 Ba6 20. Ra4 Bb4 21. Rd7 Ra8 22. Bd2 Bxc4 23. Ra1 Bxd2 24. Rxd2 Bd5 25. c4 Be4 26. Rad1 g5 27. Rd8+ Rxd8 28. Rxd8+ Kg7 29. Rd7 a6 30. Rc7 Kf6 31. Rxc5 Bd3 32. f3 h5 33. Kf2 g4 34. f4 Be4 35. Ke3 Bg2 36. Rxh5 1-0


[Site "https://www.chess.com"]

[Event "Titled Tuesday Blitz June 27 Late 2023"]
[White "Urbina Perez, Juan Antonio"]
[Black "Bolanos, Fernando"]
[WhiteFideId "2217368"]
[BlackFideId "3304094"]
[WhiteElo "2481"]
[BlackElo "2285"]
[Result "0-1"]
[Round "4"]
[TimeControl "180+2"]
[Date "2023.06.27"]
[WhiteClock "0:00:00"]
[BlackClock "0:00:06"]
[Board "141"]

1. e4 c5 2. Nf3 d6 3. d4 cxd4 4. Nxd4 Nf6 5. Nc3 Nc6 6. Bg5 e6 7. Qd2 a6 8. O-O-O Bd7 9. Nxc6 Bxc6 10. f3 Be7 11. Bf4 d5 12. Qe1 Qa5 13. exd5 exd5 14. Nxd5 Qxe1 15. Nxf6+ Bxf6 16. Rxe1+ Kd7 17. Bd3 Bd5 18. Bf5+ Kc6 19. Kb1 Rhe8 20. b3 b5 21. Bg3 a5 22. Rxe8 Rxe8 23. Re1 Ra8 24. Rd1 Re8 25. Bd3 b4 26. Re1 Rxe1+ 27. Bxe1 Kc5 28. Kc1 Kd4 29. Bd2 h5 30. Ba6 Be5 31. h3 Bg3 32. Kd1 Be6 33. Bd3 g6 34. Bh6 Be5 35. Bd2 Bg3 36. Ke2 Bc7 37. Bg5 Be5 38. Be3+ Kc3 39. Bb6 Kb2 40. Bxa5 Bc3 41. Bb6 Kxa2 42. Ke3 Kb2 43. Bd4 Kc1 44. Bxc3 bxc3 45. Be4 Kd1 46. Kd3 Bxb3 47. Kxc3 Be6 48. g4 h4 49. Kd3 Ke1 50. c4 Kf2 51. Bd5 Bc8 52. Bxf7 g5 53. Bd5 Kg3 54. Ke4 Kxh3 55. Ke5 Kg3 56. c5 h3 57. c6 h2 58. f4 Kxg4 59. fxg5 Kxg5 60. Kd6 Kf4 61. Kc7 Bg4 62. Bh1 Bf3 63. Bxf3 Kxf3 64. Kb8 h1=Q 65. c7 Qb1+ 66. Ka8 Qe4+ 67. Kb8 Qb4+ 68. Ka8 Qa5+ 69. Kb8 Qe5 70. Ka8 Qe6 71. Kb8 Qb6+ 72. Ka8 Qa5+ 73. Kb8 Qb5+ 74. Ka8 Qe8+ 75. Kb7 Qd7 76. Ka8 Qc8+ 77. Ka7 Qxc7+ 0-1


[Site "https://www.chess.com"]

[Event "Titled Tuesday Blitz June 27 Late 2023"]
[White "Flynn, Jacob"]
[Black "Rakitic2010"]
[WhiteFideId "2509393"]
[WhiteElo "2477"]
[BlackElo "2262"]
[Result "0-1"]
[Round "4"]
[TimeControl "180+2"]
[Date "2023.06.27"]
[WhiteClock "0:00:07"]
[BlackClock "0:00:18"]
[Board "142"]

1. Nf3 Nf6 2. g3 g6 3. Bg2 Bg7 4. O-O O-O 5. d4 c5 6. c4 cxd4 7. Nxd4 Nc6 8. Nc3 Qb6 9. Nb3 d6 10. Be3 Qd8 11. Nd4 Bd7 12. h3 Rc8 13. Rc1 a6 14. b3 Nxd4 15. Bxd4 Bc6 16. e4 Nd7 17. Be3 Qa5 18. Qd2 Rfe8 19. Nd5 Qxd2 20. Bxd2 Bxd5 21. cxd5 Nc5 22. Be3 Nd3 23. Rcd1 Nb4 24. Rd2 Nc2 25. Bb6 Rc3 26. Rfd1 Rec8 27. Bf1 Na3 28. Ba5 Rc2 29. Bb4 Rxd2 30. Rxd2 Nb1 31. Re2 Rc1 32. Kg2 Bc3 33. Bxc3 Nxc3 34. Re3 Nxa2 35. e5 Kf8 36. h4 h5 37. exd6 exd6 38. Bc4 b5 39. Bd3 Rc3 40. Rf3 Nc1 41. Bb1 Rxf3 42. Kxf3 Nxb3 43. Ke3 Ke7 44. Kd3 Kf6 45. Kc3 Nc5 46. Kd4 a5 47. f4 Ke7 48. Bc2 f5 49. Kc3 Kd7 50. Kd4 Kc7 51. Kc3 Ne4+ 52. Kd4 Nxg3 53. Bd3 Ne4 54. Bxb5 Nc5 55. Kc4 Kd8 56. Bc6 Ke7 57. Kb5 a4 58. Kb4 Nd3+ 59. Kxa4 Nxf4 60. Kb4 Ng2 61. Kc4 Nxh4 62. Kd4 g5 63. Bb7 Kf6 64. Bc8 g4 65. Ke3 Ng6 66. Be6 h4 67. Kf2 Ne5 68. Kg2 Kg5 69. Kf2 f4 70. Kg2 h3+ 71. Kh2 Nf3+ 72. Kh1 Kh4 73. Bxg4 Ne5 74. Be2 Kg3 75. Kg1 f3 76. Bf1 Ng4 77. Bg2 h2+ 78. Kf1 Ne3+ 79. Ke1 Nxg2+ 80. Kd2 h1=Q 0-1


[Site "https://www.chess.com"]

[Event "Titled Tuesday Blitz June 27 Late 2023"]
[White "Cluke86"]
[Black "Kovalevsky, Stanislav"]
[BlackFideId "13508598"]
[WhiteElo "2259"]
[BlackElo "2473"]
[Result "0-1"]
[Round "4"]
[TimeControl "180+2"]
[Date "2023.06.27"]
[WhiteClock "0:02:03"]
[BlackClock "0:02:09"]
[Board "143"]

1. e4 e6 2. d4 d5 3. Nc3 dxe4 4. Nxe4 Nf6 5. Nxf6+ gxf6 6. g3 Bd7 7. Bg2 Bc6 8. Nf3 h5 9. Be3 Rg8 10. Qe2 Be7 11. O-O-O Na6 12. Rhe1 Qd5 13. Kb1 Nb4 14. c4 Qa5 15. a3 Be4+ 16. Kc1 Na2# 0-1


[Site "https://www.chess.com"]

[Event "Titled Tuesday Blitz June 27 Late 2023"]
[White "Haitin, Ilja"]
[Black "StarkyNZ"]
[WhiteFideId "4501764"]
[WhiteElo "2462"]
[BlackElo "2258"]
[Result "0-1"]
[Round "4"]
[TimeControl "180+2"]
[Date "2023.06.27"]
[WhiteClock "0:02:24"]
[BlackClock "0:02:17"]
[Board "144"]

1. d4 Nf6 2. c4 e6 3. Nc3 Bb4 4. e3 d5 5. Bd2 O-O 6. Nf3 c5 7. a3 cxd4 8. axb4 dxc3 9. Bxc3 Ne4 10. cxd5 Nxc3 11. b3 Nxd1 0-1


[Site "https://www.chess.com"]

[Event "Titled Tuesday Blitz June 27 Late 2023"]
[White "Luxama, Jacques Muller"]
[Black "Tomaszewski, Kacper"]
[WhiteFideId "11900113"]
[BlackFideId "1127373"]
[WhiteElo "2237"]
[BlackElo "2460"]
[Result "0-1"]
[Round "4"]
[TimeControl "180+2"]
[Date "2023.06.27"]
[WhiteClock "0:00:54"]
[BlackClock "0:01:11"]
[Board "145"]

1. e4 e6 2. d4 d5 3. e5 c5 4. Nf3 Qb6 5. c3 Bd7 6. Bd3 Bb5 7. O-O Bxd3 8. Qxd3 Nc6 9. a3 cxd4 10. cxd4 Nge7 11. b4 Nf5 12. Bb2 Be7 13. Nbd2 O-O 14. Nb3 a5 15. b5 a4 16. Nc5 Ncxd4 17. Nxd4 Nxd4 18. Nd7 Qxb5 19. Qxb5 Nxb5 20. Nxf8 Kxf8 21. Rfc1 Ke8 22. Kf1 Kd7 23. Ke2 Rc8 24. Kd3 Rxc1 25. Rxc1 Bxa3 26. Bxa3 Nxa3 27. Ra1 Nc4 28. f4 b5 29. Kc3 Kc6 30. Kb4 g6 31. g4 Ne3 32. Rc1+ Nc4 33. h3 a3 34. Rc2 d4 35. f5 d3 36. Rc1 d2 37. Rd1 Kd5 38. fxe6 fxe6 39. Kxb5 Kd4 40. Kb4 Kd3 41. Rh1 Ne3 42. Kxa3 d1=Q 43. Rxd1+ Nxd1 44. Kb4 Kd4 45. Kb5 Kxe5 0-1


[Site "https://www.chess.com"]

[Event "Titled Tuesday Blitz June 27 Late 2023"]
[White "Ng, Matthew K"]
[Black "Dobre, Claudiu-Cristian"]
[WhiteFideId "2094371"]
[BlackFideId "1211854"]
[WhiteElo "2235"]
[BlackElo "2457"]
[Result "0-1"]
[Round "4"]
[TimeControl "180+2"]
[Date "2023.06.27"]
[WhiteClock "0:00:00"]
[BlackClock "0:00:16"]
[Board "146"]

1. e4 Nc6 2. Nf3 d6 3. d4 Nf6 4. Nc3 Bg4 5. Be2 e5 6. d5 Ne7 7. h3 Bd7 8. O-O g6 9. Bg5 Bg7 10. Qd2 O-O 11. Bh6 Nh5 12. Bxg7 Kxg7 13. Ng5 Nf4 14. Kh2 Nexd5 15. Nxf7 Rxf7 16. Nxd5 Qh4 17. Nxf4 Qxf4+ 18. Qxf4 exf4 19. Bf3 Kf6 20. c4 Ke5 21. Rad1 Be6 22. b3 h5 23. h4 a5 24. Rd2 a4 25. Re1 Rff8 26. g3 Ra6 27. Bd1 axb3 28. axb3 Ra1 29. Rde2 Bg4 30. Rd2 Rf7 31. Kg1 Bxd1 0-1


[Site "https://www.chess.com"]

[Event "Titled Tuesday Blitz June 27 Late 2023"]
[White "Broca Jimenez, Fernando"]
[Black "Manukian, Artak"]
[WhiteFideId "5104742"]
[BlackFideId "13301373"]
[WhiteElo "2234"]
[BlackElo "2452"]
[Result "0-1"]
[Round "4"]
[TimeControl "180+2"]
[Date "2023.06.27"]
[WhiteClock "0:00:00"]
[BlackClock "0:01:51"]
[Board "147"]

1. e4 c6 2. c4 d5 3. exd5 cxd5 4. d4 Nf6 5. Nc3 g6 6. Nf3 Bg7 7. Be2 dxc4 8. Bxc4 O-O 9. O-O a6 10. d5 b5 11. Bb3 Nbd7 12. Bf4 Nc5 13. d6 Nxb3 14. dxe7 Qxe7 15. Qxb3 Be6 16. Rfe1 Qb7 17. Qb4 Nd5 18. Qe4 Ra7 19. Nxd5 Bxd5 20. Qe2 Bxf3 21. gxf3 Qd5 22. a3 Qf5 23. Bg3 Rd7 24. Rad1 Rfd8 25. Rxd7 Qxd7 26. b3 h5 27. a4 Qd3 28. Qxd3 Rxd3 0-1


[Site "https://www.chess.com"]

[Event "Titled Tuesday Blitz June 27 Late 2023"]
[White "Mickiewicz, Piotr"]
[Black "Kornyukov, Alexey"]
[WhiteFideId "1114891"]
[BlackFideId "4150457"]
[WhiteElo "2449"]
[BlackElo "2228"]
[Result "0-1"]
[Round "4"]
[TimeControl "180+2"]
[Date "2023.06.27"]
[WhiteClock "0:00:05"]
[BlackClock "0:00:09"]
[Board "148"]

1. e4 c5 2. Nf3 Nc6 3. d3 Nf6 4. g3 d5 5. Bg2 dxe4 6. Ng5 exd3 7. Bxc6+ bxc6 8. Qxd3 Qxd3 9. cxd3 Bf5 10. Ke2 e5 11. f3 Nd5 12. a3 Bg6 13. Nd2 Rd8 14. Nge4 f5 15. Nf2 Be7 16. Nc4 Bf6 17. g4 Nf4+ 18. Bxf4 exf4 19. gxf5 Bxf5 20. Ne4 O-O 21. h4 Rfe8 22. h5 Kf7 23. Rac1 Bd4 24. Rh2 h6 25. Kf1 Kf8 26. Re2 Re7 27. Kg2 Rb8 28. Rce1 Rb3 29. Ncd6 Bd7 30. Nxc5 Rxe2+ 31. Rxe2 Bxc5 32. Nc4 Bd4 33. Re4 Bxb2 34. Rxf4+ Kg8 35. Re4 Bf6 36. f4 Rxd3 37. Kf2 c5 38. Na5 Rxa3 39. Nc4 Rd3 40. Na5 Rd4 41. Re2 Rxf4+ 42. Ke1 Rd4 43. Kf1 Bg4 44. Re8+ Kh7 45. Ra8 Bxh5 46. Nc6 Rd2 47. Nxa7 c4 48. Nc6 c3 49. Rc8 c2 50. Ne7 Rd1+ 51. Kf2 c1=Q 52. Rh8+ Kxh8 53. Ng6+ Bxg6 0-1


[Site "https://www.chess.com"]

[Event "Titled Tuesday Blitz June 27 Late 2023"]
[White "Mazurkiewicz, Michal"]
[Black "ilya2700"]
[WhiteFideId "1124943"]
[WhiteElo "2443"]
[BlackElo "2180"]
[Result "1-0"]
[Round "4"]
[TimeControl "180+2"]
[Date "2023.06.27"]
[WhiteClock "0:00:13"]
[BlackClock "0:00:00"]
[Board "149"]

1. e4 c5 2. Nf3 e6 3. d3 d5 4. Nbd2 Nc6 5. g3 Nf6 6. Bg2 Be7 7. O-O O-O 8. Re1 b6 9. e5 Nd7 10. c3 f6 11. exf6 Nxf6 12. d4 Bb7 13. Rxe6 cxd4 14. cxd4 Rc8 15. Bh3 Nb4 16. Rxe7 Qxe7 17. Bxc8 Rxc8 18. Nf1 Ne4 19. Be3 Rc2 20. a3 Rxb2 21. axb4 Qxb4 22. N1d2 Nc3 23. Qe1 a5 24. Rc1 a4 25. Bf4 h6 26. Qe6+ Kh7 27. Qf5+ Kg8 28. Re1 Ne4 29. Qe6+ Kh7 30. Ne5 Nxd2 31. Qg6+ Kg8 32. Bxh6 Nf3+ 33. Nxf3 1-0


[Site "https://www.chess.com"]